 Dungeon Crawl Stone Soup version 0.26-a0-854-gdc81c2f471 (webtiles) character file.

Game seed: 6392441875357198742

7 Pestilence the Shield-Bearer (level 2, -3/29 HPs)
             Began as a Gnoll Fighter on Nov 22, 2020.
             Killed from afar by a jackal (32 damage)
             ... with an exploding inner flame
             ... on level 2 of the Dungeon.
             The game lasted 00:00:16 (106 turns).

Pestilence the Shield-Bearer (Gnoll Fighter)         Turns: 106, Time: 00:00:17

Health: -3/29      AC:  7    Str: 18    XL:     2   Next: 4%
Magic:  2/2        EV:  8    Int: 10    God:
Gold:   0          SH: 10    Dex: 14    Spells: 1/1 levels left

rFire    . . .     SeeInvis .   a - +0 war axe
rCold    . . .     Faith    .   c - +0 kite shield
rNeg     . . .     Spirit   .   b - +0 scale mail
rPois    .         Reflect  .   (no helmet)
rElec    .         Harm     .   e - scarf {repulsion}
rCorr    .         Rampage  .   (no gloves)
MR       .....                  (no boots)
Stlth    ..........             h - amulet of inaccuracy (curse)
HPRegen  0.09/turn              (no ring)
MPRegen  0.08/turn              (no ring)

@: repel missiles
A: distributed training, fangs 1, strong nose
a: no special abilities


You were on level 2 of the Dungeon.
You visited 1 branch of the dungeon, and saw 2 of its levels.

Inventory:

Hand Weapons
 a - a +0 war axe (weapon)
Armour
 b - a +0 scale mail (worn)
 c - a +0 kite shield (worn)
 e - a scarf of repulsion (worn)
Jewellery
 h - a cursed amulet of inaccuracy (around neck)
Potions
 d - a potion of might


   Skills:
 + Level 6.4 Fighting
 + Level 0.2 Short Blades
 + Level 0.2 Long Blades
 + Level 4.4 Axes
 + Level 0.2 Maces & Flails
 + Level 0.2 Polearms
 + Level 0.2 Staves
 + Level 0.2 Slings
 + Level 0.2 Bows
 + Level 0.2 Crossbows
 + Level 0.2 Throwing
 + Level 6.4 Armour
 + Level 0.2 Dodging
 + Level 0.2 Stealth
 + Level 6.4 Shields
 + Level 0.2 Unarmed Combat
 + Level 0.2 Spellcasting
 + Level 0.1 Conjurations
 + Level 0.1 Hexes
 + Level 0.1 Summonings
 + Level 0.1 Necromancy
 + Level 0.1 Translocations
 + Level 0.1 Transmutations
 + Level 0.1 Fire Magic
 + Level 0.1 Ice Magic
 + Level 0.1 Air Magic
 + Level 0.1 Earth Magic
 + Level 0.1 Poison Magic
 + Level 0.3 Invocations
 + Level 0.2 Evocations


You had one spell level left.
You didn't know any spells.
Your spell library was empty.

Dungeon Overview and Level Annotations

Branches:
Dungeon (2/15)

Altars:


Innate Abilities, Weirdness & Mutations

Your experience applies equally to all skills.
You have very sharp teeth.
Your uncanny sense of smell can sniff out nearby items.


Message History

You start putting on your amulet.
You continue putting on your glowing cameo amulet. x5
You finish putting on your cursed amulet of inaccuracy.
Oops, that amulet feels deathly cold.
h - a cursed amulet of inaccuracy (around neck)
As you read the scroll labelled FEPORRA LIROP, it crumbles to dust.
It is a scroll of amnesia.
You feel forgetful for a moment.
A jackal comes into view.
As you read the scroll labelled IRRIRE GUNIX, it crumbles to dust.
The creatures around you are filled with an inner flame!
It was a scroll of immolation.
The jackal barks!
You miss the jackal. The jackal closely misses you.
The jackal barely misses you.
You slash the jackal!
The jackal explodes!
The fiery explosion engulfs you!!
Ouch! That really hurt!
You die...

## # .. . .# #.
.# #.## .#
#.§§#.# #§@#
####§## #.....#
#.###.# ####.#
#.## ##
#....##...##..
#.##......... #
#..#.#.##...# ..
..#
#.##.#..#.##.....


There were no monsters in sight!

Vanquished Creatures
  2 bats (D:2)
  A goblin (D:2)
  A jackal (D:2)
  A quokka (D:2)
  A frilled lizard (D:2)
  2 rats (D:2)
8 creatures vanquished.

Notes
Turn   | Place    | Note
-------+----------+-------------------------------------------
     0 | D:1      | Pestilence the Gnoll Fighter began the quest for the Orb.
     0 | D:1      | Reached XP level 1. HP: 23/23 MP: 1/1
    49 | D:2      | Reached XP level 2. HP: 26/29 MP: 2/2
   106 | D:2      | Killed from afar by a jackal

Illustrated notes

Levels and vault maps discovered:
D:1:      dpeg_arrival_connections, layout_basic
D:2:      layout_rooms, glass_columns_c, st_stairs_1, minivault_5,
          minmay_tromino_v7, uniq_crazy_yiuf_cottage

Action                   || total
-------------------------++-------
Melee: War axe           ||    13
       Bite              ||     3
  Use: Scroll            ||     2
Armor: Scale mail        ||     3
Dodge: Dodged            ||     5
Block: Kite shield       ||     4

Table legend: (Time is in decaauts)
 A = Elapsed time spent in this place.
 B = Non-inter-level travel time spent in this place.
 C = Inter-level travel time spent in this place.
 D = Time resting spent in this place.
 E = Time spent auto-exploring this place.
 F = Levels seen in this place.
 G = Mean time per level.
                   A        B        C        D        E       F      G
               +--------+--------+--------+--------+--------+-----+--------+
         Total |    109 |    109 |      0 |      0 |     41 |   2 |   54.5 |
       Dungeon |    109 |    109 |      0 |      0 |     41 |   2 |   54.5 |
               +--------+--------+--------+--------+--------+-----+--------+

Top non-repeatable levels by time:
     D:2: 106 daAuts
     D:1: 3 daAuts
